 Dungeon Crawl Stone Soup version 0.25-a0-346-g140ab784a8 (webtiles) character file.

Game seed: 761687310580168726, levelgen mode: deterministic

3137 Gildeon the Ruffian (level 9, -3/84 (85) HPs)
             Began as a Troll Transmuter on Dec 31, 2019.
             Was a Follower of Nemelex Xobeh.
             Slain by a two-headed ogre
             ... wielding a +0 giant club
              (12 damage)
             ... on level 8 of the Dungeon.
             The game lasted 00:24:29 (5947 turns).

Gildeon the Ruffian (Troll Transmuter)              Turns: 5947, Time: 00:24:31

HP:   -3/84 (85)    AC:  8    Str: 20    XL:     9   Next: 61%
MP:   0/13          EV: 11    Int: 18    God:    Nemelex Xobeh [*.....]
Gold: 301           SH:  0    Dex: 11    Spells: 0/15 levels left

rFire    x . .     SeeInvis .     - Unarmed
rCold    . . .     Gourm    +   (no shield)
rNeg     . . .     Faith    .   b - +0 robe
rPois    .         Spirit   +   (helmet restricted)
rElec    .         Reflect  .   p - +1 cloak
rCorr    +         Harm     .   (gloves unavailable)
MR       .....                  (boots unavailable)
Stlth    +.........             v - amulet of guardian spirit
HPRegen  0.64/turn              A - ring of Dawn {rF- rCorr Int+7 Slay+5}
MPRegen  0.13/turn              (no ring)

@: appendage
A: large, unfitting armour, claws 3, horns 2, fast metabolism 3, gourmand,
regeneration 1, shaggy fur 1, tough skin 3
a: End Transformation, Draw Escape, Draw Destruction, Draw Summoning, Renounce
Religion


You were on level 8 of the Dungeon.
You worshipped Nemelex Xobeh.
Nemelex Xobeh was aware of your devotion.
You were completely stuffed.
You had grown temporary horns.
You visited 2 branches of the dungeon, and saw 9 of its levels.
You also visited: Sewer.

You collected 301 gold pieces.

Inventory:

Hand Weapons
 r - a +3 giant club
Missiles
 a - 117 arrows
 j - 35 poisoned darts (quivered)
Armour
 b - a +0 robe (worn)
 p - a +1 cloak (worn)
Jewellery
 v - an amulet of guardian spirit (around neck)
 A - the ring of Dawn (left claw) {rF- rCorr Int+7 Slay+5}
   (You found it on level 6 of the Dungeon)

   [ring of resist corrosion]

   It affects your intelligence (+7).
   It affects your accuracy and damage with ranged weapons and melee attacks
   (+5).
   It makes you vulnerable to fire.
   It provides partial protection from all sources of acid and corrosion.
Wands
 y - a wand of flame (37)
 z - a wand of random effects (19)
 C - a wand of polymorph (3)
Scrolls
 e - 3 scrolls of teleportation
 f - 3 scrolls of remove curse
 i - a scroll of magic mapping
 l - a scroll of fog
 m - a scroll of identify
 n - 2 scrolls of blinking
 o - 2 scrolls of amnesia
 q - 2 scrolls of fear
 w - a scroll of enchant armour
Potions
 g - 2 potions of heal wounds
 h - 3 potions of curing
 s - a potion of invisibility
 t - a potion of flight
 u - a potion of berserk rage
 x - 3 potions of lignification
 B - a potion of brilliance
Comestibles
 c - 2 chunks of flesh
 d - 17 rations


   Skills:
 + Level 4.5 Fighting
 + Level 4.5 Armour
 + Level 4.8 Dodging
 + Level 6.2 Unarmed Combat
 + Level 3.6 Spellcasting
 + Level 4.3 Transmutations


You couldn't memorise any spells.
You knew the following spells:

 Your Spells              Type           Power        Failure   Level  Hunger
a - Beastly Appendage     Tmut           ###...       2%          1    None
b - Sticks to Snakes      Tmut           ###.....     3%          2    ##.....
c - Spider Form           Tmut/Pois      ##........   19%         3    ###....
d - Ice Form              Ice/Tmut       ##......     52%         4    ####...
e - Blade Hands           Tmut           ###.......   56%         5    ######.

Your spell library contained the following spells:

 Spells                   Type           Power        Failure   Level  Hunger
 Confusing Touch          Hex            #.....       16%         1    None
 Magic Dart               Conj           #...         16%         1    None
 Searing Ray              Conj           #.....       24%         2    ##.....
 Ignite Poison            Fire/Tmut/Pois #.......     26%         3    ###....
 Confuse                  Hex            #.......     43%         3    ###....
 Dazzling Flash           Conj/Hex       #.....       43%         3    ###....
 Gell's Gravitas          Tloc           #.........   43%         3    ###....
 Petrify                  Tmut/Erth      ##......     52%         4    ####...
 Fulminant Prism          Conj/Hex       #.........   83%         4    ####...
 Iskenderun's Mystic Bla  Conj/Tloc      #.......     83%         4    ####...
 Yara's Violent Unravell  Hex/Tmut       ##........   86%         5    ######.
 Fireball                 Conj/Fire      #.........   99%         5    ######.
 Metabolic Englaciation   Hex/Ice        #.........   99%         5    ######.
 Starburst                Conj/Fire      #.........   100%        6    #######
 Ring of Flames           Chrm/Fire      #.........   100%        7    #######
 Ignition                 Fire           #.........   100%        8    #######


Dungeon Overview and Level Annotations

Branches:
Dungeon (8/15)             Temple (1/1) D:7           Sewer (visited)
   Lair: D:8-11

Altars:
Ashenzari
Cheibriados
Dithmenos
Elyvilon
Fedhas
Gozag
Kikubaaqudgha
Makhleb
Nemelex Xobeh
Okawaru
Qazlal
Ru
Sif Muna
Trog
Uskayaw
Wu Jian
Xom
Yredelemnul
Zin
The Shining One

Shops:
D:7 [[}*


Innate Abilities, Weirdness & Mutations

You are too large for most types of armour.
You have claws for hands.
Your metabolism is lightning-fast.
You like to eat raw meat.
Your natural rate of healing is unusually fast.
You are covered in fur. (AC +1)
You have extremely tough skin. (AC +3)
You have a pair of horns on your head.


Message History

Cast which spell? (? or * to list)
You grow a pair of large bovine horns.
The two-headed ogre hits you with a +0 giant club!
The two-headed ogre hits you with a +0 giant spiked club!
You barely miss the two-headed ogre. You barely miss the two-headed ogre.
The two-headed ogre hits you with a +0 giant club.
The two-headed ogre hits you with a +0 giant spiked club.
You closely miss the two-headed ogre. The two-headed ogre barely misses you.
The two-headed ogre hits you with a +0 giant spiked club!!
* * * LOW HITPOINT WARNING * * *
Unknown command.
Casting: Beastly Appendage (safe; 2% risk of failure)
Confirm with . or Enter, or press ? or * to list all spells.
You create a snake!
You now have 117 arrows.
The two-headed ogre hits you with a +0 giant club!
* * * LOW HITPOINT WARNING * * *
The two-headed ogre hits you with a +0 giant spiked club!
You die...
Your body disappears without a glow.

*,,,,,,,,,****** ########.#####
,,,,,,***,,,,,,* #.............
*,***,***,,,,,,* #.######.#####
,,* *,,,,,,,,,,* #.# #......
,,*****,*,,,,,,* #.# #####..
,,,,,,,,,,,,,,,* #.# ##.
*******,****,,*#####.#### ## *
*,**,,,,*#.S......# # *
*,**,**,*#@###.##.# # **
*,*#,**,*#O# #.##.# ## ,**
*,*#.##,*#o# #..#.##### ##. ,,**
*,,.....##†# ##.......###.( ,,,**
*,,........# #.#.###.##...
,,,,***,,..####..####....##.#....
,,,,+,,,,...............[...÷....
,,,,***,,a..###.####.....##.#....
,,,** *,*.*,**#.* #....###.##...


You could see a two-headed ogre, an orc and a friendly water moccasin.

Vanquished Creatures
  Pikel (D:5)
  Grinder (D:6)
  Sigmund (D:6)
  Eustachio (D:6)
  Duvessa (D:6)
  4 ice beasts
  A sky beast (D:8)
  2 slaves (D:5)
  2 ogres
  A necrophage (D:6)
  3 centaurs
  Blork the orc (D:6)
  3 bullfrogs
  Dowan (D:6)
  2 wyvern skeletons
  A howler monkey (D:8)
  A jelly (D:5)
  6 hounds
  An orc priest (D:6)
  2 orc wizards (D:7)
  An iguana (D:6)
  5 worker ants
  A hound zombie (D:5)
  3 hound skeletons
  7 adders
  A river rat (D:3)
  5 oozes
  4 worms
  3 dart slugs
  5 leopard geckos
  7 orcs
  10 bats
  7 giant cockroaches
  3 hobgoblins
  11 jackals
  A quokka (D:2)
  3 ball pythons
  5 frilled lizards
  10 goblins
  A jackal skeleton (D:8)
  5 kobolds
  8 rats
142 creatures vanquished.

Vanquished Creatures (collateral kills)
  An orc (D:7)
1 creature vanquished.

Grand Total: 143 creatures vanquished

Notes
Turn   | Place    | Note
-------+----------+-------------------------------------------
     0 | D:1      | Gildeon the Troll Transmuter began the quest for the Orb.
     0 | D:1      | Reached XP level 1. HP: 18/18 MP: 1/1
    57 | D:1      | Reached XP level 2. HP: 18/26 MP: 3/3
   128 | D:1      | Reached skill level 1 in Fighting
   273 | D:1      | Learned a level 2 spell: Sticks to Snakes
   419 | D:1      | Reached XP level 3. HP: 33/33 MP: 4/4
   732 | D:2      | Found a blossoming altar of Fedhas.
   935 | D:2      | Reached skill level 1 in Armour
  1052 | D:3      | Noticed an ogre
  1060 | D:3      | Killed an ogre
  1060 | D:3      | Reached XP level 4. HP: 5/41 MP: 5/5
  1060 | D:3      | Reached XP level 5. HP: 6/48 MP: 6/6
  1069 | D:3      | Learned a level 3 spell: Spider Form
  1410 | D:3      | Found a glowing drain.
  1418 | Sewer    | Entered a sewer
  2300 | D:3      | Reached XP level 6. HP: 55/57 MP: 5/7
  2756 | D:4      | Reached skill level 4 in Unarmed Combat
  2994 | D:5      | Entered Level 5 of the Dungeon
  3003 | D:5      | Noticed an ice beast
  3015 | D:5      | Killed an ice beast
  3015 | D:5      | Reached XP level 7. HP: 53/66 MP: 5/9
  3170 | D:5      | Learned a level 4 spell: Ice Form
  3218 | D:5      | Found a glowing silver altar of Zin.
  3358 | D:5      | Noticed Pikel
  3374 | D:5      | Killed Pikel
  3374 | D:5      | Reached XP level 8. HP: 30/75 MP: 4/10
  3463 | D:5      | Found an opulent altar of Gozag.
  3712 | D:6      | Noticed Eustachio
  3728 | D:6      | Killed Eustachio
  3746 | D:6      | Found a shattered altar of Ashenzari.
  3763 | D:6      | Reached skill level 5 in Unarmed Combat
  3896 | D:6      | Got a translucent iron ring
  3897 | D:6      | Identified the ring of Dawn {rF- rCorr Int+7 Slay+5} (You
                  | found it on level 6 of the Dungeon)
  3916 | D:6      | Found a glowing golden altar of the Shining One.
  3918 | D:6      | Found a sparkling altar of Nemelex Xobeh.
  3926 | D:6      | Became a worshipper of Nemelex Xobeh the Trickster
  3935 | D:6      | Received a gift from Nemelex Xobeh
  3943 | D:6      | Noticed Duvessa
  3943 | D:6      | Noticed Dowan
  3954 | D:6      | Killed Duvessa
  3956 | D:6      | Killed Dowan
  3987 | D:6      | Found a stormy altar of Qazlal.
  3988 | D:6      | Found a white marble altar of Elyvilon.
  4012 | D:6      | Noticed Blork the orc
  4023 | D:6      | Killed Blork the orc
  4097 | D:6      | Reached XP level 9. HP: 52/84 MP: 4/12
  4195 | D:6      | Noticed Grinder
  4209 | D:6      | Killed Grinder
  4323 | D:6      | Noticed Sigmund
  4340 | D:6      | Killed Sigmund
  4452 | D:6      | Found a burning altar of Makhleb.
  4644 | D:7      | Found Fopata's Gadget Shop.
  4708 | D:7      | Found Ecler's Assorted Antiques.
  4752 | D:7      | Found Hiabux's Armour Boutique.
  4757 | D:7      | Reached * piety under Nemelex Xobeh
  4770 | D:7      | Found a hide-covered altar of Uskayaw.
  4779 | D:7      | Noticed a +0 hand axe
  4780 | D:7      | Noticed a -2 hand axe
  4891 | D:7      | Found Qudaump's Antique Armour Shoppe.
  4960 | D:7      | Received a gift from Nemelex Xobeh
  5115 | D:7      | Found a staircase to the Ecumenical Temple.
  5143 | D:7      | HP: 2/83 [wyvern skeleton (5)]
  5144 | D:7      | Reached skill level 6 in Unarmed Combat
  5327 | D:7      | Found a shadowy altar of Dithmenos.
  5388 | Temple   | Entered the Ecumenical Temple
  5912 | D:8      | Learned a level 5 spell: Blade Hands
  5937 | D:8      | Noticed a two-headed ogre
  5947 | D:8      | Slain by a two-headed ogre

Levels and vault maps discovered:
D:1:      dpeg_arrival_subterranean_lakeside_camping, layout_rooms
D:2:      layout_rooms, lemuel_round_altar, serial_rivers,
          chequers_serial_rivers_small_3, chequers_serial_rivers_micro_b,
          chequers_serial_rivers_room_b, chequers_serial_rivers_room_b,
          chequers_serial_rivers_marsh, chequers_serial_rivers_micro_e,
          chequers_serial_rivers_micro_e, hangedman_glass_teeth,
          corexii_item_surrounded_by_moat
D:3:      layout_loops_corners, gup_sewer_entry_spiral, first_ration,
          kennysheep_flooded_box, st_stairs_1
D:4:      layout_basic
D:5:      layout_cave_pools, overflow_temple_1_default, kennysheep_little_box,
          uniq_pikel
D:6:      layout_gridville, ashenzari_altar_1,
          nemelex_xobeh_ov_fountains_minmay, makhleb_blood_cavern_becter,
          grunt_temple_overflow_open, tso_metal_star, uniq_eustachio,
          uniq_blork_the_orc, uniq_sigmund, uniq_duvessa, uniq_grinder
D:7:      layout_loops_cross, dancing_weapons_uskayaw,
          grunt_dithmenos_smoke_and_mirrors, temple_statues, serial_shops,
          nicolae_shop_overgrown_old_shop, kennysheep_mini, shop,
          nicolae_shop_overgrown_old_shop, serial_park_tiny_2
D:8:      layout_loops_corners, nicolae_overflow_crystal_walls,
          lemuel_coloured_pillars_altar, hangedman_ranch
          [blue_anna_fruit_fields]
Temple:   compressed_dpeg_triangle_lava_temple

Skill      XL: |  1  2  3  4  5  6  7  8  9 |
---------------+----------------------------+-----
Fighting       | 1 2 3 4 |  4.5
Dodging        | 2 3 4 |  4.8
Armour         | 1 2 3 4 |  4.5
Transmutations | 2 3 4 |  4.3
Spellcasting   | 2 3 |  3.6
Unarmed Combat | 4 5 6 |  6.2

Action                   |  1- 3 |  4- 6 |  7- 9 || total
-------------------------+-------+-------+-------++-------
Melee: Unarmed           |   113 |   162 |   230 ||   505
       Punch             |     2 |     6 |     7 ||    15
       Kick              |       |     2 |     6 ||     8
       Headbutt          |       |       |     7 ||     7
Throw: Dart              |       |       |     5 ||     5
 Cast: Beastly Appendage |       |     1 |     8 ||     9
       Sticks to Snakes  |       |       |     2 ||     2
  Use: Potion            |       |     3 |       ||     3
       Scroll            |       |     6 |    15 ||    21
  Eat: Chunk             |    15 |    20 |    27 ||    62
Armor: Robe              |    41 |    90 |    72 ||   203
Dodge: Dodged            |    78 |    87 |   135 ||   300

Table legend:
 A = Non-vault XP
 B = Vault XP
 C = Vault XP percentage of total XP
 D = Non-vault monster count
 E = Vault monster count
 F = Vault count percentage of total count
                 A         B        C        D         E       F
            +---------+---------+-------+---------+---------+-------
      Total |    2581 |    1901 |  42.4 |      96 |      45 |  31.9
            +---------+---------+-------+---------+---------+-------
        D:1 |      38 |       9 |  19.1 |      19 |       6 |  24.0
        D:2 |      39 |       0 |   0.0 |      12 |       0 |   0.0
        D:3 |     180 |      55 |  23.4 |      14 |       9 |  39.1
        D:4 |     264 |       0 |   0.0 |       9 |       0 |   0.0
        D:5 |     303 |     593 |  66.2 |      10 |       1 |   9.1
        D:6 |     920 |    1183 |  56.3 |      14 |       8 |  36.4
        D:7 |     396 |       0 |   0.0 |      11 |       0 |   0.0
        D:8 |     441 |       0 |   0.0 |       7 |       0 |   0.0
      Sewer |       0 |      61 | 100.0 |       0 |      21 | 100.0
            +---------+---------+-------+---------+---------+-------
